 Dungeon Sprint DCSS version 0.24.1 (webtiles) character file.

Game seed: 17410652643251203130, levelgen mode: deterministic

0 Findor the Cudgeler (level 4, -6/33 HPs)
             Began as a Demonspawn Gladiator on Mar 25, 2020.
             Was an Initiate of Gozag.
             Mangled by Crazy Yiuf
             ... wielding a +4 quarterstaff of chaos
              (14 damage)
             ... in the Dungeon (Sprint VI: "Thunderdome").
             The game lasted 00:01:24 (62 turns).

Findor the Cudgeler (Demonspawn Gladiator)            Turns: 62, Time: 00:01:24

Health: -6/33      AC:  4    Str: 15    XL:     4   Next: 9%
Magic:  4/4        EV: 12    Int:  9    God:    Gozag
Gold:   326        SH:  0    Dex: 15    Spells: 3/3 levels left

rFire    . . .     SeeInvis .   a - +0 flail
rCold    . . .     Gourm    .   (no shield)
rNeg     . . .     Faith    .   b - +0 leather armour
rPois    .         Spirit   .   c - +0 helmet
rElec    .         Reflect  .   (no cloak)
rCorr    .         Harm     .   (no gloves)
MR       .....     NoTele   +   (no boots)
Stlth    +.........             (no amulet)
HPRegen  0.11/turn              (no ring)
MPRegen  0.09/turn              (no ring)

@: berserk cooldown, slowed, lightly drained, very slow
A: claws 1, spiny 1
a: Potion Petition, Call Merchant, Bribe Branch, Renounce Religion


You were in the Dungeon.
You worshipped Gozag.
Gozag was aware of your devotion.
You were not hungry.

You visited 1 branch You collected 326 gold pieces.


Innate Abilities, Weirdness & Mutations

You have sharp fingernails.
You are partially covered in sharp spines.


   Skills:
 - Level 2.0(1.7) Fighting
 * Level 7.9(7.6) Maces & Flails
 - Level 1.7(1.5) Throwing
 - Level 2.6(2.4) Dodging


You had 3 spell levels left.
You didn't know any spells.
Your spell library was empty.

Inventory:

Hand Weapons
 a - a +0 flail (weapon)
Missiles
 l - 2 throwing nets (quivered) {!f}
Armour
 b - a +0 leather armour (worn)
 c - a +0 helmet (worn)
Wands
 d - a wand of iceblast (5)
   (You found it in the Dungeon)
 x - a wand of acid (5)
   (You found it in the Dungeon)
Scrolls
 k - 4 scrolls of blinking
 m - 3 scrolls of fog
Potions
 g - a potion of heal wounds {@q2}
 h - 4 potions of haste {@q3}
 i - 2 potions of magic
 n - a potion of resistance
Comestibles
 f - a ration


Message History

Crazy Yiuf is caught in the net!
Crazy Yiuf struggles against the net. x2
Crazy Yiuf struggles against the net.
Crazy Yiuf struggles against the net.
The net rips apart, and Crazy Yiuf comes free!
You hit Crazy Yiuf. Crazy Yiuf is struck by your spines.
Crazy Yiuf hits you with a +4 quarterstaff of chaos!
* * * LOW HITPOINT WARNING * * *
Crazy Yiuf freezes you.
* * * LOW HITPOINT WARNING * * *
You closely miss Crazy Yiuf.
Crazy Yiuf hits you with a +4 quarterstaff of chaos!
* * * LOW HITPOINT WARNING * * *
You are lethally poisoned!
Crazy Yiuf completely misses you.
You feel much better.
You feel sick.
Crazy Yiuf hits you with a +4 quarterstaff of chaos.
* * * LOW HITPOINT WARNING * * *
You completely miss Crazy Yiuf.
You feel sick. Crazy Yiuf is struck by your spines.
Crazy Yiuf barely misses you.
You hit Crazy Yiuf but do no damage.
You feel sick.
Crazy Yiuf hits you with a +4 quarterstaff of chaos!
* * * LOW HITPOINT WARNING * * *
Crazy Yiuf misses you.
You feel much better.
You feel sick.
Crazy Yiuf cries, "Island stair bush!"
Crazy Yiuf hits you with a +4 quarterstaff of chaos!
You feel a strange sense of stasis.
You feel much better.
You feel sick. Crazy Yiuf is struck by your spines.
Crazy Yiuf closely misses you.
You feel better. Crazy Yiuf closely misses you.
Crazy Yiuf hits you with a +4 quarterstaff of chaos.
You convulse.
You hit Crazy Yiuf. 50... Crazy Yiuf closely misses you.
You closely miss Crazy Yiuf.
A gnoll shaman comes into view. It is wielding a +0 whip.
Crazy Yiuf screams, "Cholesterol!"
Crazy Yiuf hits you with a +4 quarterstaff of chaos.
Crazy Yiuf freezes you.
Crazy Yiuf hits you with a +4 quarterstaff of chaos.
You feel drained.
* * * LOW HITPOINT WARNING * * *
You closely miss Crazy Yiuf.
The gnoll shaman shouts!
Crazy Yiuf hits you with a +4 quarterstaff of chaos!
* * * LOW HITPOINT WARNING * * *
You are electrocuted!
You die...
Your body crumbles into a pile of gold.

... ... .... ..g._ ###.
......### #⌠...........⌠#
###.8.........8g######
__......# #.....@___∩##
......8. #.8......).∩###
........###......)......#
.....# #...###..........⌠#
.....# #.<.# #..........⌠#
.....###...###..........⌠#
........###.............##
......8.# #.8........∩###
_...g...###.......__∩##


You could see a gnoll shaman and Crazy Yiuf.

Vanquished Creatures
  A gnoll sergeant (D)
  A gnoll (D)
2 creatures vanquished.

Notes
Turn   | Place    | Note
-------+----------+-------------------------------------------
     0 | D        | Findor the Demonspawn Gladiator began the quest for the
                  | Orb.
     0 | D        | Reached XP level 1. HP: 16/16 MP: 1/1
     1 | D        | Found a sacrificial altar of Ru.
     2 | D        | Found a viscous altar of Jiyva.
     2 | D        | Found a corrupted altar of Lugonu.
     3 | D        | Found a hide-covered altar of Uskayaw.
     3 | D        | Found an ancient bone altar of Kikubaaqudgha.
     4 | D        | Found Heil's Identification Station.
     4 | D        | Found an ornate altar of the Wu Jian Council.
     4 | D        | Found a shadowy altar of Dithmenos.
     4 | D        | Found Xiupuveo's Delicious Food.
     5 | D        | Found Ocom Ufarph's Advanced Armour.
     5 | D        | Found Leonkits's Jewellery.
     5 | D        | Round 1.
     7 | D        | Noticed a gnoll sergeant
    12 | D        | Found a glowing golden altar of the Shining One.
    12 | D        | Found Ykeg's Premium Goods.
    12 | D        | Found Sustaxix's Miscellaneous Merchandise.
    13 | D        | Found Dihakkuh's Basic Armour.
    14 | D        | Found a snail-covered altar of Cheibriados.
    14 | D        | Found a shimmering blue altar of Sif Muna.
    14 | D        | Found a bloodstained altar of Trog.
    14 | D        | Found Toabet's Weapon Rack.
    19 | D        | Found a burning altar of Makhleb.
    21 | D        | Found a roughly hewn altar of Beogh.
    21 | D        | Found an opulent altar of Gozag.
    22 | D        | Found Mis Vag's Do-It-Yourself Clinic.
    22 | D        | Found a blossoming altar of Fedhas.
    22 | D        | Found a radiant altar of Vehumet.
    22 | D        | Found Lemuc's Distillery.
    23 | D        | Found Ysmitz's Bottled Wisdom.
    23 | D        | Found Kikhlap's Distillery.
    25 | D        | Found a shimmering altar of Xom.
    29 | D        | Became a worshipper of Gozag Ym Sagoz the Greedy
    33 | D        | Reached skill level 4 in Maces & Flails
    33 | D        | Gained mutation: You are partially covered in sharp spines.
                  | [demonic ancestry]
    33 | D        | Reached XP level 2. HP: 22/22 MP: 2/2
    37 | D        | Killed a gnoll sergeant
    37 | D        | Reached skill level 7 in Maces & Flails
    37 | D        | Gained mutation: You have sharp fingernails. [demonic
                  | ancestry]
    37 | D        | Reached XP level 3. HP: 26/27 MP: 3/3
    37 | D        | Reached XP level 4. HP: 32/33 MP: 4/4
    47 | D        | Noticed Crazy Yiuf
    53 | D        | HP: 2/33 [Crazy Yiuf/+4 quarterstaff of chaos (10)]
    62 | D        | Mangled by Crazy Yiuf

Levels and vault maps discovered:
D:        arena_sprint

Action                   |  1- 3 |  4- 6 || total
-------------------------+-------+-------++-------
Melee: Flail             |     6 |     7 ||    13
Throw: Throwing net      |       |     1 ||     1
  Use: Potion            |     1 |     4 ||     5
Armor: Leather armour    |     1 |       ||     1
Dodge: Dodged            |     5 |     6 ||    11
